 Dungeon Crawl Stone Soup version 0.31-a0-364-gb59cdcc (webtiles) character file.

Game seed: 10563666214809000412

2909 Dorkslayer the Ruffian (level 9, -1/59 HPs)
             Began as an Octopode Shapeshifter on July 27, 2023.
             Was a Believer of Wu Jian.
             Slain by a wolf (7 damage)
             ... led by Grum
             ... on level 8 of the Dungeon.
             The game lasted 00:22:29 (5949 turns).

Dorkslayer the Ruffian (Octopode Shapeshifter)      Turns: 5949, Time: 00:22:30

Health: -1/59      AC:  1    Str: 16    XL:     9   Next: 78%
Magic:  14/14      EV: 15    Int: 10    God:    Wu Jian [**....]
Gold:   389        SH:  0    Dex: 15    Spells: 15/15 levels left

rFire   . .          .
                       - Unarmed
rCold   . . .        (no shield)
rNeg    . . .        (helmet currently unavailable)
rPois   .            c - amulet of the acrobat
rElec   .            u - ring of wizardry
rCorr   .            t - ring of flight
SInv    .            (no ring)
Will    .....        (no ring)
Stlth   ++++         (no ring)
HPRegen 0.29/turn    (no ring)
MPRegen 0.14/turn    (no ring)
                     (no ring)

%: acrobat, wizardry (x1)
@: beast-form, flying
A: beast (slay +3), almost no armour, amphibious, 8 rings, camouflage 1,
gelatinous body 1, (nimble swimmer 1), tentacles
a: Begin Untransformation, Renounce Religion, Wall Jump


You were on level 8 of the Dungeon.
You worshipped Wu Jian.
Wu Jian was pleased with you.
You were a hulking beast.
You visited 1 branch of the dungeon, and saw 8 of its levels.
You also visited: Ossuary.

You collected 701 gold pieces.
You spent 312 gold pieces at shops.

Inventory:

Missiles
 l - 4 javelins (quivered)
 q - 7 boomerangs
Jewellery
 c - an amulet of the acrobat (around mantle)
 t - a ring of flight (right tentacle)
 u - a ring of wizardry (left tentacle)
Talismans
 b - a beast talisman
 f - a storm talisman
Wands
 d - a wand of polymorph (7)
 v - a wand of roots (9)
Scrolls
 j - a scroll of blinking {unknown}
 k - a scroll of teleportation
 n - 2 scrolls of enchant weapon
 r - a scroll of revelation
 w - a scroll of silence
 x - a scroll of enchant armour
 y - a scroll of poison {unknown}
Potions
 a - 3 potions of lignification
 e - 2 potions of invisibility {unknown}
 g - 2 potions of might
 h - 3 potions of mutation
 i - a potion of ambrosia {unknown}
 m - a potion of resistance {unknown}
 o - 3 potions of curing
 p - a potion of attraction {unknown}
 s - 2 potions of enlightenment
 z - a potion of berserk rage {unknown}


   Skills:
 * Level 4.7 Fighting
 + Level 2.1 Throwing
 + Level 4.5 Dodging
 + Level 4.9 Stealth
 + Level 7.8 Unarmed Combat
 * Level 3.6 Spellcasting
 * Level 4.2 Evocations
 + Level 5.3 Shapeshifting


You had 15 spell levels left.
You didn't know any spells.
Your spell library contained the following spells:

 Spells                   Type           Power      Damage    Failure   Level
 Apportation              Tloc           2%         N/A       11%         1
 Portal Projectile        Hex/Tloc       2%         N/A       30%         3
 Tukima's Dance           Hex            1%         N/A       30%         3
 Iskenderun's Mystic Bla  Conj/Tloc      1%         2d3       67%         4
 Alistair's Intoxication  Tmut/Pois      0%         N/A       94%         5


Dungeon Overview and Level Annotations

Branches:
Dungeon (8/15)             Temple (0/1) D:4            Lair (0/5) D:8
Ossuary (visited)

Altars:
Elyvilon
Hepliaklqana
Kikubaaqudgha
Trog
Uskayaw
Wu Jian
Xom
Yredelemnul
Zin
The Shining One

Shops:
D:2 [   D:3 !

Annotations:
D:8 Grum


Innate Abilities, Weirdness & Mutations

You are a hulking beast.
Your limbs bulge with bestial killing power. (Slay +3)
You cannot wear most types of armour.
You are amphibious.
You can wear up to eight rings at the same time.
Your skin changes colour to match your surroundings (Stealth+).
Your rubbery body absorbs attacks. (AC +1, EV +1)
((You are camouflaged when in or above water. (Stealth+)))
You have tentacles for arms and can constrict up to eight enemies at once.


Message History

a - 3 potions of lignification (gained 1)
A white imp comes into view.
The white imp shouts, "Tremble, thou paunchy tickle-brained canker-blossom!"
You bludgeon the white imp!
You kill the white imp!
The Council accepts your kill.
Found 19 gold pieces.
You now have 389 gold pieces (gained 19).
Found a spear and 5 javelins.
A wolf comes into view.
You see here 5 javelins.
l - 5 javelins The helpless wolf fails to defend itself.
You tentacle-slap the wolf. Your grab misses the wolf.
The wolf is lightly wounded.
The wolf bites you! The wolf barely misses you.
You bludgeon the wolf! Your grab misses the wolf.
The wolf is heavily wounded.
The wolf bites you.
You bludgeon the wolf!
You kill the wolf!
The Council accepts your kill.
Grum and a wolf come into view.
Grum is wielding a +0 halberd of protection and carrying a wand of flame.
Grum growls angrily.
The wolf howls!
Grum zaps a wand.
The puff of flame hits you!
You see here a wolf corpse.
The wolf completely misses you. Grum misses you.
The wolf completely misses you.
You see here a wolf corpse.
Throw: 5 javelins
Press: ? - help, Q - select action, (/) - cycle Shift-Dir - straight line, f - Grum
Aim: Grum, wielding a +0 halberd of protection, wearing a +0 animal skin and carrying a wand of flame (68% to hit)
You throw a javelin. The javelin closely misses the wolf.
The javelin closely misses Grum.
The wolf bites you.
Grum hits you from afar with a +0 halberd of protection!!
* * * LOW HITPOINT WARNING * * *
The wolf bites you!
You die...

##.# #.... ## ##.... #
#..... .. #..... .(.#
###### #..... .....##
####....## ##....
.......##........## ##...
......gh#.........## #...
...#####h..........###.#.
##............##.##
#................##
#................#
##....)........###
#.............#
##............#
#...........##
#############


You could see Grum and a wolf.

Vanquished Creatures
  Prince Ribbit (D:7)
  A steam dragon (D:7)
  3 water moccasins
  Duvessa (D:7)
  An orc warrior (D:7)
  2 ice beasts
  A sky beast (D:6)
  A wolf (D:8)
  2 centaurs
  2 gnoll sergeants (D:7)
  A scorpion (D:4)
  2 bullfrogs
  Dowan (D:7)
  A howler monkey (D:4)
  3 orc priests (D:7)
  A bullfrog zombie (D:4)
  7 hounds
  2 jellies
  2 sleepcaps
  Jessica (D:2)
  2 iguanas
  7 orc wizards
  A hound zombie (D:4)
  8 mummies (Ossuary)
  Robin (D:4)
  9 gnolls (D:7)
  8 adders
  6 white imps
  20 orcs
  2 ball pythons
  9 bats
  6 endoplasms
  6 giant cockroaches
  21 goblins
  7 hobgoblins
  4 jackals
  2 quokkas
  4 frilled lizards
  A gnoll zombie (Ossuary)
  3 hobgoblin zombies (Ossuary)
  7 kobolds
  3 kobold zombies (Ossuary)
  An orc zombie (Ossuary)
  3 rats (D:2)
177 creatures vanquished.

Vanquished Creatures (others)
  An orc wizard (D:5)
1 creature vanquished.

Grand Total: 178 creatures vanquished

Notes
Turn   | Place    | Note
-------+----------+-------------------------------------------
     0 | D:1      | Dorkslayer the Octopode Shapeshifter began the quest for
                  | the Orb.
     0 | D:1      | Reached XP level 1. HP: 13/13 MP: 1/1
   247 | D:1      | Reached XP level 2. HP: 18/18 MP: 2/2
   548 | D:2      | Noticed Jessica
   553 | D:2      | Killed Jessica
   554 | D:2      | Reached XP level 3. HP: 14/24 MP: 3/3
   621 | D:2      | Reached XP level 4. HP: 25/29 MP: 4/4
   788 | D:2      | Found a shimmering altar of Xom.
  1187 | D:2      | Found Xaelutadi's Antique Armour Boutique.
  1367 | D:3      | Found Udewizagg's Distillery.
  1375 | D:3      | Bought a potion of heal wounds for 65 gold pieces
  1375 | D:3      | Bought a potion of curing for 39 gold pieces
  1404 | D:3      | Found a white marble altar of Elyvilon.
  1550 | D:3      | Reached skill level 1 in Stealth
  1550 | D:3      | Reached skill level 4 in Unarmed Combat
  1550 | D:3      | Reached XP level 5. HP: 7/35 MP: 5/5
  2230 | D:4      | Found a sand-covered staircase.
  2233 | Ossuary  | Entered an ossuary
  2280 | Ossuary  | Reached XP level 6. HP: 26/41 MP: 6/6
  2370 | Ossuary  | Reached skill level 1 in Throwing
  2689 | D:4      | Found a staircase to the Ecumenical Temple.
  2936 | D:3      | Bought a potion of mutation for 104 gold pieces
  2936 | D:3      | Bought a potion of heal wounds for 65 gold pieces
  2936 | D:3      | Bought a potion of curing for 39 gold pieces
  2964 | D:4      | Reached XP level 7. HP: 41/46 MP: 7/7
  3103 | D:4      | Found an ornate altar of the Wu Jian Council.
  3110 | D:4      | Reached skill level 5 in Unarmed Combat
  3120 | D:4      | Became a worshipper of the Wu Jian Council
  3165 | D:4      | Noticed Robin
  3184 | D:4      | Killed Robin
  3306 | D:4      | Found a basalt altar of Yredelemnul.
  3378 | D:5      | Entered Level 5 of the Dungeon
  3406 | D:5      | Reached skill level 1 in Spellcasting
  3589 | D:5      | Reached * piety under Wu Jian
  3623 | D:5      | Reached skill level 1 in Evocations
  3623 | D:5      | Reached XP level 8. HP: 52/52 MP: 10/10
  3703 | D:5      | Found a hide-covered altar of Uskayaw.
  4077 | D:6      | Reached skill level 6 in Unarmed Combat
  4077 | D:6      | Reached skill level 5 in Shapeshifting
  4268 | D:6      | Found a glowing golden altar of the Shining One.
  4403 | D:6      | Found a bloodstained altar of Trog.
  4417 | D:6      | Found an ancient bone altar of Kikubaaqudgha.
  4622 | D:7      | Reached XP level 9. HP: 49/58 MP: 11/13
  4766 | D:7      | Reached skill level 7 in Unarmed Combat
  4842 | D:7      | Noticed Duvessa
  4847 | D:7      | Noticed Dowan
  4869 | D:7      | Killed Duvessa
  4875 | D:7      | Killed Dowan
  4878 | D:7      | Reached ** piety under Wu Jian
  5291 | D:7      | Noticed Prince Ribbit
  5305 | D:7      | Killed Prince Ribbit
  5518 | D:7      | Found a hazy altar of Hepliaklqana.
  5623 | D:7      | Found a glowing silver altar of Zin.
  5623 | D:7      | Noticed an angel
  5690 | D:8      | Found a staircase to the Lair.
  5946 | D:8      | Noticed Grum
  5949 | D:8      | Slain by a wolf

Illustrated notes

Levels and vault maps discovered:
D:1:      minmay_arrival_stair_chambers, layout_basic
D:2:      layout_basic, serial_shops, shop, basic_altar, st_stairs_12,
          nicolae_the_louvre, uniq_jessica
D:3:      layout_loops_ring, elyvilon_altar_1, serial_shops,
          nicolae_shop_advertising_works [nicolae_subvault_shop_adworks],
          minmay_unequal
D:4:      layout_basic, lemuel_round_altar, lemuel_zombie_altar_yredelemnul,
          temple_fountains, enter_ossuary_2, minmay_pentomino_pile, uniq_robin
D:5:      layout_basic, eat_drink_and_be_merry_uskayaw, kennysheep_boxes
D:6:      layout_cave_pools, tso_metal_star, mainiacjoe_overflow_alcove_4,
          mainiacjoe_overflow_catwalk
D:7:      layout_rooms, zin_angel, nicolae_hepliaklqana_hazy_memory,
          minivault_11, mrwooster_statue_mirror, uniq_prince_ribbit1,
          uniq_duvessa
D:8:      layout_cave_pods, lair_entry_dummy, uniq_grum, uniq_maggie

Skill      XL: |  1  2  3  4  5  6  7  8  9 |
---------------+----------------------------+-----
Fighting       | 2 3 4 |  4.7
Stealth        | 1 2 3 4 |  4.9
Unarmed Combat | 4 5 6 7 |  7.8
Throwing       | 1 2 |  2.1
Shapeshifting  | 4 5 |  5.3
Dodging        | 3 4 |  4.5
Spellcasting   | 1 2 3 |  3.6
Evocations     | 1 3 4 |  4.2

Action                     |  1- 3 |  4- 6 |  7- 9 || total
---------------------------+-------+-------+-------++-------
  Melee: Unarmed           |    34 |   131 |   210 ||   375
         Constrict         |    10 |    40 |    52 ||   102
         Tentacles         |     8 |    27 |    45 ||    80
         Punch             |     1 |     6 |    12 ||    19
  Throw: Boomerang         |       |       |    14 ||    14
         Throwing net      |       |       |     3 ||     3
         Javelin           |       |       |     1 ||     1
Ability: Begin Untransform |     1 |       |       ||     1
         Lunge             |       |       |    22 ||    22
         Whirlwind         |       |       |     8 ||     8
  Evoke: Wand              |       |       |     2 ||     2
    Use: Scroll            |       |     5 |    11 ||    16
         Potion            |       |     3 |    13 ||    16
   Stab: Sleeping          |     1 |    13 |     7 ||    21
         Held in net/web   |       |       |     2 ||     2
 Armour: Skin              |     1 |     4 |     6 ||    11
  Dodge: Dodged            |    22 |    80 |   147 ||   249
   Form: Beast             |     1 |       |       ||     1

Table legend: (Time is in decaauts)
 A = Elapsed time spent in this place.
 B = Non-inter-level travel time spent in this place.
 C = Inter-level travel time spent in this place.
 D = Time resting spent in this place.
 E = Time spent auto-exploring this place.
 F = Levels seen in this place.
 G = Mean time per level.
                   A        B        C        D        E       F      G
               +--------+--------+--------+--------+--------+-----+--------+
         Total |   5878 |   5878 |      0 |    890 |   1004 |   9 |  653.1 |
       Dungeon |   5449 |   5449 |      0 |    673 |   1004 |   8 |  681.1 |
       Ossuary |    428 |    428 |      0 |    217 |      0 |   1 |  428.0 |
               +--------+--------+--------+--------+--------+-----+--------+

Top non-repeatable levels by time:
     D:7: 1018 daAuts
     D:3: 892 daAuts
     D:2: 878 daAuts
     D:4: 699 daAuts
     D:5: 650 daAuts
     D:6: 538 daAuts
     D:1: 463 daAuts
 Ossuary: 428 daAuts
     D:8: 309 daAuts
